Map: Traitor's Exile

Players

Queela

  • Race: Protoss Protoss
  • League: Diamond
  • Spawn Location: 12:00

AppGrader

  • Race: Terran Terran
  • League: Platinum
  • Spawn Location: 9:00

PureLegacy - Winner!

  • Race: Terran Terran
  • Spawn Location: 6:00

HellisH - Winner!

  • Race: Terran Terran
  • Spawn Location: 5:00

VOD

Have the link to the VOD?

Description

Time

  • Played on: Dec. 2, 2018, 11:22 p.m.
  • Length: 4:49
Show
View Real Time Build Order
Export as new Build Order

Queela Protoss 

Build Orders:  

Get SALT Encoding   

  12  0:02  Probe  
  13  0:14  Probe  
  13  0:19  Pylon  
  14  0:26  Probe  
  15  0:38  Gateway  
  15  0:40  Probe  
  15  0:48  Probe  
  17  0:58  Probe  
  17  1:04  Assimilator  
  18  1:10  Probe  
  19  1:15  Forge  
  19  1:22  Probe  
  20  1:30  Cybernetics Core  
  20  1:35  Pylon  
  20  1:38  Probe  
  21  1:54  Photon Cannon  
  21  1:56  Probe  
  22  2:06  Stalker  
  24  2:09  Assimilator  
  24  2:18  Probe  
  25  2:27  Twilight Council  
  25  2:35  Pylon  
  24  2:39  Stalker  
  26  2:44  Probe  
  27  2:56  Probe  
  30  3:33  Nexus, Probe  
  22  3:59  Pylon  
  20  4:11  Gateway x2  
Show
View Real Time Build Order
Export as new Build Order

AppGrader Terran 

Build Orders:  

Get SALT Encoding   

  12  0:03  SCV  
  13  0:15  SCV  
  13  0:20  Supply Depot  
  14  0:27  SCV  
  15  0:41  SCV  
  16  0:45  Barracks  
  16  0:52  Refinery  
  16  0:54  SCV  
  17  1:06  SCV  
  18  1:18  SCV  
  19  1:30  SCV  
  19  1:32  Marine  
  21  1:40  Bunker  
  21  1:42  SCV  
  22  1:52  Barracks  
  22  1:54  SCV  
  22  1:59  Supply Depot  
  23  2:04  Refinery  
  23  2:09  Orbital Command  
  23  2:16  Marine  
  23  2:35  SCV  
  24  2:37  Barracks Reactor  
  24  2:40  Marine  
  25  2:53  Factory  
  25  2:54  SCV  
  26  3:02  Barracks Reactor  
  26  3:08  Factory  
  26  3:11  SCV  
  27  3:14  Marine  
  27  3:15  Marine  
  29  3:38  Factory Tech Lab  
  29  3:39  Marine x2  
  29  3:40  Command Center  
  31  3:45  Marine x2  
  31  3:46  Supply Depot  
  33  3:57  Marine  
  33  3:58  Siege Tank  
  33  4:00  Widow Mine  
  39  4:07  Marine  
  40  4:11  Marine  
  40  4:12  Marine  
  40  4:15  Marine  
  43  4:25  Marine  
Show
View Real Time Build Order
Export as new Build Order

PureLegacy Terran - Winner!

Build Orders:  

Get SALT Encoding   

  12  0:02  SCV  
  13  0:14  SCV  
  13  0:19  Supply Depot  
  14  0:26  SCV  
  15  0:30  Refinery  
  15  0:41  SCV  
  16  0:47  Barracks  
  16  0:50  Barracks  
  16  0:56  SCV  
  17  1:09  Barracks  
  17  1:22  Barracks  
  17  1:27  SCV  
  18  1:38  Reaper  
  19  1:45  Orbital Command  
  19  1:56  Refinery, Reaper  
  20  2:08  Supply Depot  
  20  2:10  Reaper  
  21  2:20  SCV  
  22  2:25  Reaper  
  23  2:30  Supply Depot  
  23  2:33  SCV  
  23  2:35  Reaper  
  25  2:45  Reaper, SCV  
  27  2:57  Reaper, SCV  
  29  3:07  Reaper  
  30  3:14  SCV  
  30  3:18  Reaper  
  32  3:21  Command Center  
  32  3:27  SCV  
  32  3:29  Reaper  
  34  3:37  Supply Depot  
  34  3:55  Reaper x2  
  36  4:00  Barracks x2  
  36  4:04  Reaper  
  36  4:06  SCV  
  38  4:20  SCV  
Show
View Real Time Build Order
Export as new Build Order

HellisH Terran - Winner!

Build Orders: Hellion Opening 

Get SALT Encoding   

  12  0:01  SCV  
  13  0:13  SCV  
  14  0:19  Supply Depot  
  14  0:25  SCV  
  15  0:30  Refinery  
  15  0:43  Barracks  
  15  0:47  SCV  
  16  0:54  Refinery  
  16  1:00  SCV  
  17  1:11  Supply Depot  
  17  1:13  SCV  
  18  1:28  SCV  
  19  1:36  Factory  
  19  1:40  Barracks Reactor  
  19  1:46  SCV  
  20  2:00  Orbital Command  
  20  2:20  Factory  
  20  2:29  Barracks Tech Lab  
  20  2:33  Hellion  
  20  2:34  Hellion  
  24  2:37  SCV  
  25  2:45  Supply Depot  
  25  2:49  SCV  
  26  2:59  Hellion x2  
  30  3:11  Siege Tank  
  33  3:14  SCV  
  33  3:17  Supply Depot  
  34  3:29  Hellion x2  
  38  3:39  Supply Depot  
  38  3:50  Hellion x2  
  42  4:02  Hellion  
  42  4:11  Siege Tank  
  42  4:13  Hellion  
  45  4:23  Hellion  
  47  4:29  Supply Depot  
Tags
 
Add a new tag
Caveats
  • Supply blocks, unpowered buildings, or Contaminate may cause inaccurate times.
  • Supply counts are checked every 10 seconds.